cohdb
Replays
Latest Replays
All Replays
Popular Replays
Top Player Replays
Match Explorer
How It Works
Community
CoH3 Stats
Reddit
Sign in to upload your games and track your stats! →
Sign in with Steam
Match 46984902
Unlisted
Match 46984902
Overview
Messages
Build Orders
End
Construct Weapon Support Center
Selects Special Operations Battlegroup
Selects M29 Weasel Recon Vehicle
M29 Weasel Recon Vehicle
Scout Squad
M1919 Machine Gun Team
M1919 Machine Gun Team
Infantry Support Center
Selects Raiding Flares
Engineer Squad
M3 Armored Personnel Carrier
Bazooka Squad
M3 Armored Personnel Carrier
Construct Medical Station
Raiding Flares
Selects SSF Commando Squad
SSF Commando Squad
Construct Tank Depot
SSF Commando Squad
Advanced Logistics
Selects Mark Vehicle
Selects UNKNOWN (2162291)
Construct Tank Depot
Raiding Flares
M4A1 Sherman Whizbang
Selects Air Re-supply Operation
Raiding Flares
Air Re-Supply Operation
Improved M9 Bazooka Rockets
SSF Commando Squad
Raiding Flares
M18 Hellcat Tank Destroyer
Mark Vehicle
M18 Hellcat Tank Destroyer
direavenger09
crunchylime
Ratko
make my day ツ
N30N
MrSnooze
Craigers
Crazy Dog
0
0
Comments
sign in to comment!
No comments posted yet!